Map: Alcyone LE

Players

DeusVult

  • Race: Protoss Protoss
  • League: Master
  • Spawn Location: 7:00

Dragonite - Winner!

  • Race: Protoss Protoss
  • League: Master
  • Spawn Location: 1:00

VOD

Have the link to the VOD?

Description

Time

  • Played on: July 21, 2024, 1:34 p.m.
  • Length: 6:30
Show
View Real Time Build Order
Export as new Build Order

DeusVult Protoss 

Build Orders:  

Get SALT Encoding   

  12  0:00  Probe  
  13  0:12  Probe  
  14  0:17  Pylon  
  14  0:24  Probe (Chrono Boost)  
  15  0:36  Probe (Chrono Boost)  
  15  0:39  Gateway  
  16  0:44  Assimilator  
  16  0:45  Probe (Chrono Boost)  
  17  0:53  Probe  
  18  1:05  Probe (Chrono Boost)  
  18  1:07  Assimilator  
  18  1:10  Pylon  
  19  1:16  Probe (Chrono Boost)  
  20  1:20  Probe (Chrono Boost)  
  21  1:27  Zealot  
  23  1:33  Probe  
  24  1:45  Probe  
  25  1:57  Probe  
  26  2:15  Cybernetics Core  
  26  2:16  Pylon  
  26  2:34  Probe  
  27  2:37  Nexus  
  27  2:46  Probe, Pylon  
  27  2:49  Forge  
  27  2:50  Stalker (Chrono Boost)  
  28  2:55  Stargate  
  28  2:58  Robotics Facility  
  28  3:07  Cybernetics Core  
  27  3:20  Shield Battery  
  27  3:29  Stalker  
  29  3:34  Shield Battery  
  33  3:43  Void Ray (Chrono Boost)  
  33  4:01  Immortal (Chrono Boost)  
  37  4:20  Stalker  
  43  4:25  Void Ray (Chrono Boost)  
  43  4:32  Pylon  
  43  4:37  Immortal (Chrono Boost)  
  47  4:44  Probe x2  
  49  4:56  Probe x2  
  47  5:11  Void Ray (Chrono Boost)  
  51  5:18  Immortal  
  55  5:32  Pylon  
  53  5:48  Pylon  
Show
View Real Time Build Order
Export as new Build Order

Dragonite Protoss - Winner!

Build Orders: Blink Stalkers 

Get SALT Encoding   

  12  0:00  Probe  
  13  0:12  Probe  
  14  0:17  Pylon  
  14  0:24  Probe (Chrono Boost)  
  15  0:36  Probe (Chrono Boost)  
  15  0:37  Gateway  
  16  0:45  Probe (Chrono Boost)  
  16  0:46  Assimilator  
  17  0:51  Probe  
  17  0:54  Assimilator  
  18  1:03  Probe (Chrono Boost)  
  19  1:13  Probe (Chrono Boost), Gateway  
  19  1:18  Probe (Chrono Boost)  
  20  1:24  Cybernetics Core  
  21  1:29  Probe  
  22  1:33  Pylon  
  22  1:41  Probe  
  23  2:00  Stalker x2  
  23  2:01  Warp Gate  
  27  2:07  Pylon  
  27  2:30  Stalker x2  
  27  2:32  Pylon  
  31  2:38  Twilight Council  
  31  2:49  Shield Battery  
  31  3:05  Robotics Facility  
  31  3:10  Blink (Chrono Boost)  
  31  3:16  Gateway  
  31  3:42  Gateway  
  31  3:51  Stalker x2  
  36  4:07  Pylon  
  36  4:21  Stalker x3  
  36  4:22  Pylon  
  41  4:37  Stalker  
  43  4:47  Stalker x2  
  43  4:49  Stalker  
  46  5:08  Stalker  
  46  5:11  Stalker  
  46  5:13  Stalker  
  52  5:35  Stalker x2  
  56  5:45  Stalker  
  56  5:47  Stalker  
  54  6:04  Stalker x2  
Tags
 
Composition
Blink Stalkers
Matchup
PvP
Spawn Locations
Cross Positions
Add a new tag
Caveats
  • Supply blocks, unpowered buildings, or Contaminate may cause inaccurate times.
  • Supply counts are checked every 10 seconds.